[ AOE2 MATCH · #507228928 ]
UnrankedRomans vs Ethiopians
Player's team · LOSS
[ REPLAY ANALYSIS · EXTRACTED FROM THE RECORDED GAME ]
Feudal
9:12
Castle
—
Imperial
—
| APM avg | 46.2 |
| APM peak | 71 |
| eAPM avg | 21.0 |
| Villagers / military | 69 / 21 |
Focus
⚔️ 30.9% · 🌾 69.1%
Militia ×21
Feudal
10:57
Castle
25:06
Imperial
—
| APM avg | 66.0 |
| APM peak | 107 |
| eAPM avg | 27.1 |
| Villagers / military | 67 / 53 |
Focus
⚔️ 59.7% · 🌾 40.3%
Archer ×50 · Militia ×3
Match map
Initial resources + every placement click. Lines = walls · curves = elevation contours. ◆ gold · ⬟ stone · ● berries · ✦ relic · ◌ wall gap
Your base· Open — 4t gap
AG ALEXKNG1's base· ✓ Closed at 25:06 · 34t walls · 6 gate(s)
Smoothed initial terrain · ◌ = detected wall gap · hover for details
Inputs per minute
— CoreLock - - AG ALEXKNG1
Build order — CoreLock
First 150 of 190 actions detected
| 0:01 | Queue | Villager (Male) |
| 0:02 | Build | House |
| 0:03 | Build | House |
| 0:05 | Queue | Villager (Male) |
| 0:05 | Queue | Villager (Male) |
| 0:25 | Queue | Villager (Male) |
| 0:25 | Queue | Villager (Male) |
| 1:24 | Queue | Villager (Male) |
| 1:24 | Queue | Villager (Male) |
| 1:59 | Queue | Villager (Male) |
| 1:59 | Queue | Villager (Male) |
| 2:11 | Build | Lumber Camp |
| 2:18 | Queue | Villager (Male) |
| 2:18 | Queue | Villager (Male) |
| 2:46 | Queue | Villager (Male) |
| 2:46 | Queue | Villager (Male) |
| 3:16 | Queue | Villager (Male) |
| 3:16 | Queue | Villager (Male) |
| 3:16 | Queue | Villager (Male) |
| 3:34 | Build | House |
| 3:48 | Queue | Villager (Male) |
| 3:48 | Queue | Villager (Male) |
| 3:49 | Queue | Villager (Male) |
| 3:57 | Queue | Villager (Male) |
| 3:57 | Queue | Villager (Male) |
| 4:15 | Queue | Villager (Male) |
| 4:15 | Queue | Villager (Male) |
| 5:06 | Queue | Villager (Male) |
| 5:48 | Build | Barracks |
| 5:55 | Queue | Villager (Male) |
| 6:12 | Research | Loom |
| 7:02 | Research | Feudal Age |
| 7:02 | Research | Feudal Age |
| 7:43 | Queue | Villager (Male) |
| 8:01 | Queue | Militia |
| 8:01 | Queue | Militia |
| 8:04 | Build | Mining Camp |
| 8:26 | Build | House |
| 9:09 | Build | House |
| 9:12 | Age | Feudal Age |
| 9:12 | Build | Palisade Wall |
| 9:15 | Queue | Villager (Male) |
| 9:20 | Build | House |
| 9:36 | Build | House |
| 9:51 | Queue | Villager (Male) |
| 9:56 | Research | Double-Bit Axe |
| 9:56 | Research | Double-Bit Axe |
| 9:58 | Research | Man-at-Arms (upgrade) |
| 10:02 | Queue | Villager (Male) |
| 10:08 | Build | Palisade Wall |
| 10:09 | Build | Palisade Wall |
| 10:45 | Build | Blacksmith |
| 10:54 | Queue | Militia |
| 10:54 | Queue | Militia |
| 10:59 | Build | Mill |
| 11:30 | Build | Farm |
| 11:30 | Build | Farm |
| 11:30 | Build | Farm |
| 11:31 | Build | Farm |
| 11:31 | Build | Farm |
| 12:03 | Queue | Villager (Male) |
| 12:03 | Queue | Villager (Male) |
| 12:30 | Queue | Villager (Male) |
| 12:30 | Queue | Villager (Male) |
| 12:32 | Build | Farm |
| 12:42 | Queue | Militia |
| 12:51 | Build | Palisade Wall |
| 13:00 | Queue | Villager (Male) |
| 13:00 | Queue | Villager (Male) |
| 13:14 | Build | House |
| 13:23 | Queue | Villager (Male) |
| 13:26 | Queue | Villager (Male) |
| 13:28 | Build | Farm |
| 13:29 | Build | Farm |
| 13:29 | Build | Farm |
| 13:29 | Build | Farm |
| 13:35 | Queue | Villager (Male) |
| 13:35 | Queue | Villager (Male) |
| 13:58 | Queue | Villager (Male) |
| 14:11 | Queue | Militia |
| 14:11 | Queue | Militia |
| 14:17 | Build | Farm |
| 14:17 | Build | Farm |
| 14:32 | Research | Scale Mail Armor |
| 14:48 | Queue | Villager (Male) |
| 14:51 | Build | Farm |
| 14:51 | Build | Farm |
| 15:18 | Build | Farm |
| 15:18 | Build | Farm |
| 15:20 | Research | Forging |
| 15:23 | Queue | Militia |
| 15:24 | Queue | Militia |
| 15:24 | Queue | Militia |
| 15:28 | Queue | Villager (Male) |
| 15:40 | Queue | Villager (Male) |
| 15:44 | Queue | Villager (Male) |
| 15:45 | Build | Farm |
| 15:46 | Build | Farm |
| 15:52 | Build | Palisade Wall |
| 15:56 | Build | Palisade Gate |
| 15:58 | Build | Palisade Wall |
| 16:06 | Queue | Villager (Male) |
| 16:08 | Build | Farm |
| 16:11 | Queue | Villager (Male) |
| 16:20 | Build | House |
| 16:53 | Queue | Militia |
| 16:53 | Queue | Militia |
| 16:53 | Queue | Militia |
| 16:54 | Queue | Militia |
| 17:20 | Build | Barracks |
| 17:36 | Build | Watch Tower |
| 17:39 | Build | Palisade Wall |
| 17:41 | Queue | Militia |
| 17:43 | Build | Barracks |
| 18:16 | Build | Lumber Camp |
| 18:19 | Queue | Villager (Male) |
| 18:44 | Build | House |
| 18:47 | Build | House |
| 19:03 | Build | Lumber Camp |
| 19:04 | Queue | Villager (Male) |
| 19:08 | Research | Fletching |
| 19:15 | Queue | Villager (Male) |
| 19:18 | Queue | Villager (Male) |
| 19:30 | Queue | Villager (Male) |
| 20:06 | Build | House |
| 20:07 | Build | House |
| 20:08 | Queue | Villager (Male) |
| 20:14 | Queue | Militia |
| 20:14 | Queue | Militia |
| 20:14 | Queue | Militia |
| 20:26 | Queue | Militia |
| 20:26 | Queue | Militia |
| 20:26 | Queue | Militia |
| 20:28 | Queue | Villager (Male) |
| 20:36 | Build | Market |
| 20:39 | Build | Palisade Wall |
| 20:54 | Build | Farm |
| 20:54 | Build | Farm |
| 21:07 | Build | Farm |
| 21:10 | Queue | Villager (Male) |
| 21:20 | Queue | Villager (Male) |
| 21:42 | Build | House |
| 21:46 | Build | Farm |
| 21:46 | Build | Farm |
| 21:53 | Build | House |
| 21:55 | Build | Palisade Wall |
| 22:05 | Queue | Villager (Male) |
| 22:29 | Queue | Villager (Male) |
| 22:50 | Build | House |
| 22:57 | Build | House |
Build order — AG ALEXKNG1
First 150 of 224 actions detected
| 0:02 | Queue | Villager (Male) |
| 0:02 | Queue | Villager (Male) |
| 0:03 | Build | House |
| 0:05 | Build | House |
| 0:08 | Queue | Villager (Male) |
| 0:08 | Queue | Villager (Male) |
| 1:18 | Queue | Villager (Male) |
| 1:49 | Queue | Villager (Male) |
| 1:50 | Queue | Villager (Male) |
| 2:15 | Queue | Villager (Male) |
| 2:15 | Queue | Villager (Male) |
| 2:16 | Queue | Villager (Male) |
| 2:50 | Queue | Villager (Male) |
| 2:50 | Queue | Villager (Male) |
| 2:50 | Queue | Villager (Male) |
| 3:03 | Build | Barracks |
| 3:18 | Queue | Villager (Male) |
| 3:18 | Queue | Villager (Male) |
| 3:18 | Queue | Villager (Male) |
| 3:36 | Queue | Villager (Male) |
| 3:37 | Queue | Villager (Male) |
| 3:51 | Build | House |
| 4:11 | Queue | Villager (Male) |
| 4:11 | Queue | Villager (Male) |
| 4:12 | Queue | Villager (Male) |
| 4:12 | Queue | Villager (Male) |
| 4:12 | Queue | Villager (Male) |
| 4:17 | Build | House |
| 4:47 | Build | Palisade Wall |
| 4:59 | Queue | Villager (Male) |
| 5:00 | Queue | Villager (Male) |
| 5:09 | Queue | Militia |
| 5:11 | Queue | Militia |
| 5:28 | Queue | Villager (Male) |
| 5:31 | Queue | Villager (Male) |
| 5:55 | Queue | Militia |
| 6:07 | Build | Lumber Camp |
| 6:12 | Queue | Villager (Male) |
| 6:35 | Queue | Villager (Male) |
| 6:56 | Queue | Villager (Male) |
| 7:21 | Build | House |
| 7:28 | Queue | Villager (Male) |
| 8:06 | Queue | Villager (Male) |
| 8:08 | Build | Mill |
| 8:21 | Research | Loom |
| 8:26 | Research | Feudal Age |
| 8:29 | Build | House |
| 9:31 | Queue | Villager (Male) |
| 9:37 | Build | House |
| 9:39 | Build | House |
| 9:52 | Build | House |
| 10:18 | Build | Palisade Wall |
| 10:57 | Age | Feudal Age |
| 11:04 | Queue | Villager (Male) |
| 11:07 | Build | Archery Range |
| 11:14 | Build | Mining Camp |
| 11:18 | Research | Man-at-Arms (upgrade) |
| 11:26 | Build | Archery Range |
| 11:33 | Build | Archery Range |
| 11:34 | Build | Archery Range |
| 11:36 | Queue | Villager (Male) |
| 11:36 | Queue | Villager (Male) |
| 11:38 | Research | Double-Bit Axe |
| 11:53 | Queue | Villager (Male) |
| 12:07 | Queue | Villager (Male) |
| 12:21 | Build | Palisade Wall |
| 12:26 | Build | Blacksmith |
| 12:33 | Build | Palisade Wall |
| 12:38 | Queue | Villager (Male) |
| 12:39 | Queue | Archer |
| 12:39 | Queue | Archer |
| 13:06 | Queue | Archer |
| 13:06 | Queue | Archer |
| 13:06 | Queue | Archer |
| 13:11 | Build | Lumber Camp |
| 13:18 | Queue | Archer |
| 13:36 | Build | Palisade Gate |
| 13:40 | Build | Palisade Gate |
| 13:47 | Build | Palisade Gate |
| 13:53 | Build | Palisade Gate |
| 14:04 | Research | Fletching |
| 14:07 | Queue | Villager (Male) |
| 14:07 | Queue | Villager (Male) |
| 14:13 | Build | Palisade Wall |
| 14:16 | Build | House |
| 14:22 | Build | House |
| 14:27 | Build | House |
| 14:31 | Build | House |
| 14:33 | Build | Palisade Wall |
| 14:39 | Build | Palisade Gate |
| 14:44 | Queue | Villager (Male) |
| 14:45 | Queue | Villager (Male) |
| 14:45 | Queue | Villager (Male) |
| 15:04 | Build | Farm |
| 15:04 | Build | Farm |
| 15:04 | Build | Farm |
| 15:05 | Build | Farm |
| 15:05 | Build | Farm |
| 15:05 | Build | Farm |
| 15:09 | Queue | Archer |
| 15:09 | Queue | Archer |
| 15:09 | Queue | Archer |
| 15:21 | Queue | Archer |
| 15:41 | Queue | Villager (Male) |
| 15:42 | Queue | Villager (Male) |
| 16:00 | Build | Farm |
| 16:05 | Build | Farm |
| 16:05 | Build | Farm |
| 16:06 | Build | Farm |
| 16:18 | Queue | Archer |
| 16:18 | Queue | Archer |
| 16:33 | Queue | Villager (Male) |
| 16:33 | Queue | Villager (Male) |
| 16:35 | Queue | Archer |
| 16:36 | Queue | Archer |
| 16:46 | Build | Palisade Wall |
| 16:52 | Build | Farm |
| 16:53 | Build | Farm |
| 16:53 | Build | Farm |
| 17:09 | Queue | Villager (Male) |
| 17:11 | Queue | Archer |
| 17:11 | Queue | Archer |
| 17:31 | Queue | Villager (Male) |
| 17:32 | Queue | Archer |
| 17:34 | Build | Farm |
| 17:34 | Build | Farm |
| 17:34 | Build | Farm |
| 17:34 | Build | Farm |
| 17:39 | Queue | Villager (Male) |
| 17:39 | Queue | Villager (Male) |
| 17:40 | Queue | Villager (Male) |
| 17:42 | Build | Farm |
| 17:42 | Build | Farm |
| 17:43 | Build | Farm |
| 17:43 | Build | Farm |
| 17:43 | Build | Farm |
| 18:03 | Queue | Villager (Male) |
| 18:04 | Build | Farm |
| 18:04 | Build | Farm |
| 18:05 | Build | Farm |
| 18:05 | Build | Farm |
| 18:15 | Build | Palisade Gate |
| 18:26 | Build | Farm |
| 18:26 | Build | Farm |
| 18:26 | Build | Farm |
| 18:27 | Queue | Archer |
| 18:27 | Queue | Archer |
| 18:29 | Queue | Villager (Male) |
| 18:42 | Queue | Archer |
| 18:42 | Queue | Archer |
Match timeline
| 3:03 | AG ALEXKNG1 · first_building Barracks |
| 4:47 | AG ALEXKNG1 · wall_segment Palisade Wall x7 |
| 5:48 | CoreLock · first_building Barracks |
| 9:12 | CoreLock · age_up feudal |
| 9:12 | CoreLock · wall_segment Palisade Wall x1 |
| 10:08 | CoreLock · wall_segment Palisade Wall x1 |
| 10:09 | CoreLock · wall_segment Palisade Wall x1 |
| 10:18 | AG ALEXKNG1 · wall_segment Palisade Wall x6 |
| 10:57 | AG ALEXKNG1 · age_up feudal |
| 11:07 | AG ALEXKNG1 · first_building Archery Range |
| 12:21 | AG ALEXKNG1 · wall_segment Palisade Wall x1 |
| 12:33 | AG ALEXKNG1 · wall_segment Palisade Wall x18 |
| 12:51 | CoreLock · wall_segment Palisade Wall x1 |
| 14:13 | AG ALEXKNG1 · wall_segment Palisade Wall x1 |
| 14:33 | AG ALEXKNG1 · wall_segment Palisade Wall x1 |
| 15:52 | CoreLock · wall_segment Palisade Wall x1 |
| 15:58 | CoreLock · wall_segment Palisade Wall x8 |
| 16:46 | AG ALEXKNG1 · wall_segment Palisade Wall x1 |
| 17:39 | CoreLock · wall_segment Palisade Wall x1 |
| 20:39 | CoreLock · wall_segment Palisade Wall x5 |
| 21:55 | CoreLock · wall_segment Palisade Wall x1 |
| 23:00 | CoreLock · wall_segment Palisade Wall x1 |
| 24:21 | CoreLock · first_market_sell 100 wood |
| 25:06 | AG ALEXKNG1 · age_up castle |
| 25:33 | AG ALEXKNG1 · first_building Siege Workshop |
| 27:27 | CoreLock · resign |
[ AI ANALYSIS · 1 CREDIT ]
What really happened in this match?
Wolo.gg analyzes every decision: build order, eco, micro, common mistakes by bracket. Personalized analysis on WhatsApp or Discord in 30 seconds.
Civ guide
Romans
Perfil
Jugador #2637135